Map: Altitude LE

Players

winzboy

  • Race: Protoss Protoss
  • League: Gold
  • Spawn Location: 7:00

Mamoru - Winner!

  • Race: Protoss Protoss
  • League: Silver
  • Spawn Location: 1:00

VOD

Have the link to the VOD?

Description

Time

  • Played on: May 26, 2023, 1:34 a.m.
  • Length: 3:45
Show
View Real Time Build Order
Export as new Build Order

winzboy Protoss 

Build Orders:  

Get SALT Encoding   

  12  0:01  Probe  
  13  0:13  Probe  
  14  0:25  Pylon  
  14  0:27  Probe  
  15  0:43  Probe (Chrono Boost)  
  15  0:48  Gateway  
  16  0:55  Probe (Chrono Boost)  
  17  1:03  Probe (Chrono Boost)  
  18  1:14  Probe  
  19  1:24  Pylon  
  19  1:26  Probe  
  20  1:38  Probe, Zealot  
  23  1:47  Pylon  
  23  1:50  Probe  
  21  1:55  Gateway  
  21  2:03  Probe  
  21  2:05  Zealot (Chrono Boost)  
  24  2:21  Nexus  
  24  2:27  Pylon  
  21  2:47  Zealot (Chrono Boost)  
  23  3:10  Zealot (Chrono Boost)  
  23  3:11  Probe  
  24  3:23  Probe  
Show
View Real Time Build Order
Export as new Build Order

Mamoru Protoss - Winner!

Build Orders: Cannon Rush 

Get SALT Encoding   

  12  0:09  Pylon  
  12  0:27  Forge  
  12  0:57  Pylon  
  12  1:06  Pylon  
  12  1:12  Pylon  
  12  1:20  Photon Cannon  
  12  1:25  Photon Cannon  
  12  1:43  Photon Cannon  
  12  1:57  Photon Cannon  
  12  2:07  Pylon  
  12  2:25  Pylon  
  12  2:34  Pylon  
  12  2:44  Photon Cannon  
  12  2:58  Photon Cannon  
  12  3:06  Pylon  
  12  3:17  Pylon  
  12  3:20  Photon Cannon  
  12  3:30  Pylon  
  12  3:35  Photon Cannon  
Tags
 
Matchup
PvP
Replay Pack
Multiplayer
Spawn Locations
Cross Positions
Add a new tag
Caveats
  • Supply blocks, unpowered buildings, or Contaminate may cause inaccurate times.
  • Supply counts are checked every 10 seconds.